 Dungeon Crawl Stone Soup version 0.28.0-53-g5a82cb258f (webtiles) character file.

Game seed: 9560584699483087100

549 Infinimo the Cudgeller (level 7, 0/91 HPs)
             Began as a Minotaur Berserker on June 5, 2022.
             Was a Priest of Trog.
             Slain by a centaur warrior zombie (1 damage)
             ... on level 5 of the Dungeon.
             The game lasted 00:04:26 (4562 turns).

Infinimo the Cudgeller (Minotaur Berserker)         Turns: 4562, Time: 00:04:30

Health: 0/91       AC:  3    Str: 23    XL:     7   Next: 7%
Magic:  6/6        EV: 11    Int:  4    God:    Trog [***...]
Gold:   137        SH:  4    Dex: 10    Spells: 6/6 levels left

rFire   . . .      SeeInvis .   a - +0 mace
rCold   . . .      Faith    .   q - +0 buckler
rNeg    . . .      Spirit   .   b - +0 animal skin
rPois   .          Reflect  .   (helmet restricted)
rElec   .          Harm     .   t - +0 cloak
rCorr   .          Rampage  .   (no gloves)
Will    .....                   (no boots)
Stlth   ..........              (no amulet)
HPRegen 0.25/turn               (no ring)
MPRegen 0.10/turn               (no ring)

@: berserking, very quick
A: horns 2, retaliatory headbutt
a: Renounce Religion, Berserk, Trog's Hand


You were on level 5 of the Dungeon.
You worshipped Trog.
Trog was most pleased with you.
You visited 1 branch of the dungeon, and saw 5 of its levels.

You collected 137 gold pieces.

Inventory:

Hand Weapons
 a - a +0 mace (weapon)
Missiles
 p - 2 poisoned darts (quivered)
 u - 2 throwing nets
Armour
 b - a +0 animal skin (worn)
 q - a +0 buckler (worn)
 t - a +0 cloak (worn)
Jewellery
 g - a ring of see invisible
 x - an amulet of faith
Wands
 y - a wand of iceblast (6)
 C - a wand of charming (5)
Scrolls
 c - 2 scrolls of immolation {unknown}
 d - 6 scrolls of identify {unknown}
 e - a scroll of enchant weapon {unknown}
 f - 2 scrolls of fear {unknown}
 i - a scroll of fog {unknown}
 k - a scroll of enchant armour {unknown}
 l - a scroll of silence {unknown}
 o - 3 scrolls of teleportation {unknown}
 r - a scroll of blinking {unknown}
 s - a scroll of vulnerability {unknown}
 v - a scroll of noise {unknown}
Potions
 h - a potion of invisibility {unknown}
 j - a potion of curing {unknown}
 m - 4 potions of heal wounds {unknown}
 n - 2 potions of attraction {unknown}
 w - 2 potions of might {unknown}
 z - a potion of berserk rage {unknown}
 A - 2 potions of cancellation {unknown}
 B - a potion of lignification {unknown}


   Skills:
 + Level 5.5 Fighting
 * Level 7.1 Maces & Flails
 + Level 4.9 Armour
 - Level 2.1 Dodging
 + Level 2.1 Shields


You had 6 spell levels left.
You didn't know any spells.
Your spell library was empty.

Dungeon Overview and Level Annotations

Branches:
Dungeon (5/15)
 Temple: D:4-7

Altars:
Qazlal

Shops:
D:3 [   D:4 [


Innate Abilities, Weirdness & Mutations

You have a pair of horns on your head.
You reflexively headbutt those who attack you in melee.


Message History

You are too injured to fight recklessly!
You sock the centaur warrior zombie!
You headbutt the centaur warrior zombie, but do no damage.
The centaur warrior zombie is heavily damaged.
The centaur warrior zombie hits you. The centaur warrior zombie kicks you.
You hit the centaur warrior zombie but do no damage.
The centaur warrior zombie is heavily damaged.
The teleport trap disappears.
The scorpion disappears!
The centaur warrior zombie closely misses you.
The centaur warrior zombie barely misses you.
The centaur warrior zombie hits you. The centaur warrior zombie kicks you.
You hit the centaur warrior zombie.
The centaur warrior zombie is heavily damaged.
The centaur warrior zombie misses you.
You block the centaur warrior zombie's attack.
A red film seems to cover your vision as you go berserk!
You feel yourself moving faster!
You feel mighty! The centaur warrior zombie hits you!
* * * LOW HITPOINT WARNING * * *
The centaur warrior zombie kicks you.
* * * LOW HITPOINT WARNING * * *
You barely miss the centaur warrior zombie.
The centaur warrior zombie is heavily damaged.
The centaur warrior zombie hits you.
* * * LOW HITPOINT WARNING * * *
The centaur warrior zombie kicks you.
* * * LOW HITPOINT WARNING * * *
You hit the centaur warrior zombie.
You headbutt the centaur warrior zombie!
The centaur warrior zombie is severely damaged.
The centaur warrior zombie hits you!
* * * LOW HITPOINT WARNING * * *
The centaur warrior zombie misses you.
You sock the centaur warrior zombie!
You headbutt the centaur warrior zombie!
The centaur warrior zombie is almost destroyed.
The centaur warrior zombie hits you!
* * * LOW HITPOINT WARNING * * *
The centaur warrior zombie kicks you.
You die...

#.......#
#######.##
#..# ##.##
#..# ##.#
##.####.#
#.........
#@########
#Z#
#.....).#
#......!#
#...<....
#.....!.#
#.......#
######..#
#..#


You could see a centaur warrior zombie.

Vanquished Creatures
  An ogre (D:4)
  A scorpion (D:4)
  A jelly (D:4)
  An orc priest (D:3)
  A bullfrog skeleton (D:5)
  An orc wizard (D:3)
  A hound skeleton (D:2)
  4 gnolls (D:4)
  11 adders
  A white imp (D:5)
  2 ufetubi
  2 worms
  6 orcs
  7 ball pythons
  5 bats
  18 endoplasms
  8 giant cockroaches
  14 goblins
  10 hobgoblins
  3 jackals (D:1)
  5 kobolds
  4 quokkas
  2 frilled lizards
  10 rats
119 creatures vanquished.

Notes
Turn   | Place    | Note
-------+----------+-------------------------------------------
     0 | D:1      | Infinimo the Minotaur Berserker began the quest for the
                  | Orb.
     0 | D:1      | Reached XP level 1. HP: 19/19 MP: 0/0
     1 | D:1      | Found a runed translucent door.
   137 | D:1      | Found a faded altar of an unknown god.
   246 | D:1      | Reached skill level 4 in Maces & Flails
   364 | D:1      | Reached XP level 2. HP: 27/27 MP: 1/1
  1421 | D:1      | Reached XP level 3. HP: 33/33 MP: 2/2
  1781 | D:2      | Reached XP level 4. HP: 40/40 MP: 3/3
  1811 | D:2      | Reached skill level 5 in Maces & Flails
  1857 | D:2      | Reached ** piety under Trog
  2808 | D:3      | Reached XP level 5. HP: 47/47 MP: 4/4
  2953 | D:3      | Reached skill level 6 in Maces & Flails
  3312 | D:3      | Found Gietan's Antique Armour Emporium.
  3707 | D:4      | Reached skill level 5 in Fighting
  3709 | D:4      | Reached XP level 6. HP: 56/56 MP: 5/5
  3824 | D:4      | Reached skill level 1 in Shields
  3925 | D:4      | Reached *** piety under Trog
  3972 | D:4      | Found Lanoplingi's Antique Armour Boutique.
  3983 | D:4      | Reached skill level 7 in Maces & Flails
  4306 | D:4      | Found a stormy altar of Qazlal.
  4395 | D:4      | Identified the +1 leather armour of the Komodo Dragon
                  | {Contam rCorr MP+9 Int+6}
  4407 | D:5      | Entered Level 5 of the Dungeon
  4523 | D:5      | Reached XP level 7. HP: 61/61 MP: 6/6
  4562 | D:5      | HP: 1/91 [centaur warrior zombie (7)]
  4562 | D:5      | Slain by a centaur warrior zombie

Illustrated notes

Levels and vault maps discovered:
D:1:      dpeg_arrival_caged_fury, layout_basic,
          nicolae_ecumenical_snake_handling
D:2:      layout_loops_ring, grunt_ministairs_2, st_stairs_5,
          minmay_indecisive_spiral
D:3:      layout_basic, serial_shops, nicolae_shop_crystal, st_stairs_1,
          glass_columns_a, kennysheep_path_1
D:4:      layout_cave_pools, nicolae_qazlal_eye_of_the_storm, serial_shops, shop
D:5:      layout_basic, lemuel_tele_altar

Skill      XL: |  1  2  3  4  5  6 |
---------------+-------------------+-----
Maces & Flails | 4 5 6 7 |  7.1
Fighting       | 4 5 |  5.5
Armour         | 3 4 |  4.9
Shields        | 2 |  2.1
Dodging        | |  2.1

Action                   |  1- 3 |  4- 6 |  7- 9 || total
-------------------------+-------+-------+-------++-------
Melee: Mace              |    79 |   161 |    15 ||   255
       Headbutt          |    10 |    24 |     7 ||    41
       Punch             |     1 |       |       ||     1
Invok: Berserk           |     1 |     3 |     1 ||     5
 Stab: Sleeping          |       |     1 |       ||     1
Armor: Animal skin       |     8 |    26 |     5 ||    39
Dodge: Dodged            |    44 |    97 |    10 ||   151
Block: Buckler           |       |     7 |     2 ||     9
